 Dungeon Crawl Stone Soup version 0.24-a0-474-g47c397e050 (webtiles) character file.

Game seed: 16829966240157542176

1876 Inquire the Skirmisher (level 8, -1/67 HPs)
             Began as a Mummy Artificer on July 5, 2019.
             Killed from afar by an orc wizard (19 damage)
             ... with a puff of flame
             ... on level 4 of the Dungeon.
             The game lasted 00:21:01 (9307 turns).

Inquire the Skirmisher (Mummy Artificer)            Turns: 9307, Time: 00:21:02

Health: -1/67      AC:  5    Str: 17    XL:     8   Next: 91%
Magic:  12/12      EV: 11    Int: 11    God:
Gold:   372        SH:  0    Dex: 12    Spells: 8/13 levels left

rFire    x . .     SeeInvis .   c - +1 whip (flame)
rCold    + . .     Gourm    .   (no shield)
rNeg     + + +     Faith    +   m - +0 leather armour (curse)
rPois    ∞         Spirit   .   s - +0 helmet
rElec    .         Reflect  .   g - scarf {repulsion}
rCorr    .         Harm     .   q - +0 pair of gloves
MR       +....                  (no boots)
Stlth    ++........             r - amulet of faith
HPRegen  0.21/turn              (no ring)
MPRegen  0.13/turn              (no ring)

@: repel missiles
A: no food or potions, fire vulnerability, cold resistance 1, negative energy
resistance 3, torment resistance, unbreathing
a: no special abilities


You were on level 4 of the Dungeon.
You were not hungry.

You visited 1 branch of the dungeon, and saw 6 of its levels.
You also visited: Ossuary.

You collected 372 gold pieces.

Inventory:

Hand Weapons
 a - a +0 short sword
 c - a +1 whip of flaming (weapon)
 j - a +0 morningstar
Armour
 g - a scarf of repulsion (worn)
 m - a cursed +0 leather armour (worn)
 n - a +0 shield
 q - a +0 pair of gloves (worn)
 s - a +0 helmet (worn)
Jewellery
 i - a +3 amulet of reflection
 l - an uncursed amulet of harm
 r - an amulet of faith (around neck)
Scrolls
 b - a scroll of remove curse
 h - a scroll of identify
 o - 4 scrolls of amnesia
Potions
 d - a potion of agility {unknown}
 e - a potion of magic {unknown}


   Skills:
 * Level 7.1 Fighting
 * Level 5.9 Short Blades
 - Level 1.5 Dodging
 - Level 3.3 Stealth
 * Level 3.3 Spellcasting
 * Level 2.6 Necromancy
   Level 2.4 Evocations


You had 8 spell levels left.
You knew the following spells:

 Your Spells              Type           Power        Failure   Level  Hunger
a - Animate Skeleton      Necr           N/A          11%         1    N/A
b - Pain                  Necr           #...         11%         1    N/A
c - Vampiric Draining     Necr           #.........   32%         3    N/A

Your spell library contained the following spells:

 Spells                   Type           Power        Failure   Level  Hunger
 Animate Dead             Necr           N/A          71%         4    N/A
 Regeneration             Chrm/Necr      Unusable     N/A         3    N/A

Dungeon Overview and Level Annotations

Branches:
Dungeon (6/15)
 Temple: D:4-7

Altars:
Ashenzari
Fedhas
Makhleb
Uskayaw
Xom

Shops:
D:5 :


Innate Abilities, Weirdness & Mutations

You do not eat or drink.
Your flesh is vulnerable to fire.
You are immune to poison.
Your flesh is cold resistant. (rC+)
You are immune to negative energy. (rN+++)
You are immune to unholy pain and torment.
You can survive without breathing.


Message History

Unknown command.
Wield which item (- for none, * to show all)? (? for menu, Esc to quit)
Okay, then.
Throwing (i - inventory)
k - a poisoned dart (quivered)
Press: ? - help, Shift-Dir - straight line
Aim: Disturbance (black smoke)
You throw a poisoned dart.
You hear a zap.
A bolt of acid appears from out of thin air!
The bolt of acid misses you.
Okay, then.
Sorry, you're not good enough to have a special ability.
Unknown command.
Wield which item (- for none, * to show all)? (? for menu, Esc to quit)
Okay, then.
You aren't carrying any items that you can evoke.
Unknown command.
The orc wizard gestures at you while chanting.
The puff of flame hits you!! The fire burns you terribly!
You die...

..###.#.##
#.##############.##
..###.#.#
#..................
##.##†#.#####
################.#.
###.#.#.....# #§§§§#
#.#. ..#..(#####.#
#§##§# #####<## ##..###
#.# #o##§# #.....# ##.##
#.# #.##§# #.##### ...#
#.# #.##§# #.# .g.# #.#
#@##§# #.# ##.# #.#
#(##§# #.#
#.########.####(##.# #.#
#.##............##.# #.#
#.g....###.####.##.# #.#
####.#[# #.# #.##.# #.#
#.#.# #.# #.##.######.#
#.#.###.####.##........#
#.#...)...<..###########


You could see an orc wizard.

Vanquished Creatures
  A centaur skeleton (D:6)
  3 ogres
  A centaur (D:3)
  2 bullfrogs (D:6)
  2 howler monkeys
  3 crimson imps
  4 orc priests
  8 orc wizards
  A gnoll shaman (D:4)
  A hound (D:6)
  9 worker ants
  A killer bee zombie (D:6)
  A big kobold zombie (Ossuary)
  8 mummies (Ossuary)
  A hound skeleton (D:4)
  2 gnolls (D:4)
  4 adders (D:2)
  2 worms
  A dart slug (D:2)
  23 orcs
  13 bats
  7 giant cockroaches
  13 goblins
  12 hobgoblins
  2 jackals (D:1)
  4 quokkas
  A ball python (D:2)
  7 frilled lizards
  2 gnoll zombies (Ossuary)
  7 kobolds
  3 kobold zombies (Ossuary)
  2 orc zombies (Ossuary)
  A quokka zombie (D:5)
  9 rats
161 creatures vanquished.

Vanquished Creatures (collateral kills)
  A gnoll (D:4)
  A dart slug (D:1)
  An orc (D:4)
3 creatures vanquished.

Vanquished Creatures (others)
  2 gnolls (D:4)
  An adder (D:4)
  An orc (D:3)
4 creatures vanquished.

Grand Total: 168 creatures vanquished

Notes
Turn   | Place    | Note
-------+----------+-------------------------------------------
     0 | D:1      | Inquire the Mummy Artificer began the quest for the Orb.
     0 | D:1      | Reached XP level 1. HP: 15/15 MP: 2/2
   111 | D:1      | Reached skill level 1 in Short Blades
   356 | D:1      | Reached XP level 2. HP: 20/21 MP: 3/3
   520 | D:1      | Reached skill level 2 in Fighting
   631 | D:1      | Reached XP level 3. HP: 22/27 MP: 4/4
  1638 | D:2      | Reached XP level 4. HP: 22/34 MP: 5/5
  2236 | D:2      | Reached skill level 3 in Fighting
  2719 | D:3      | Noticed a centaur
  2811 | D:3      | Reached XP level 5. HP: 13/41 MP: 6/6
  3153 | D:3      | Noticed a +0 dagger
  3154 | D:3      | Noticed a +0 hand axe
  3157 | D:3      | Killed a centaur
  3157 | D:3      | Reached skill level 4 in Fighting
  3157 | D:3      | Reached XP level 6. HP: 48/48 MP: 7/7
  3201 | D:3      | Found a hide-covered altar of Uskayaw.
  3830 | D:4      | Reached skill level 5 in Fighting
  4014 | D:4      | Reached XP level 7. HP: 56/56 MP: 8/8
  4144 | D:3      | Found a burning altar of Makhleb.
  4259 | D:4      | Reached skill level 1 in Stealth
  5864 | D:5      | Entered Level 5 of the Dungeon
  5926 | D:4      | Reached skill level 6 in Fighting
  6072 | D:5      | Found a shimmering altar of Xom.
  6090 | D:5      | Found a sand-covered staircase.
  6095 | Ossuary  | Entered an ossuary
  6303 | Ossuary  | Reached skill level 5 in Short Blades
  6964 | Ossuary  | Reached XP level 8. HP: 54/64 MP: 9/9
  7523 | D:5      | Found Ofocepac's Book Shoppe.
  7737 | D:5      | Found a blossoming altar of Fedhas.
  7944 | D:5      | Learned a level 1 spell: Animate Skeleton
  7946 | D:5      | Learned a level 1 spell: Pain
  8171 | D:4      | Reached skill level 1 in Spellcasting
  8466 | D:6      | Reached skill level 1 in Necromancy
  8806 | D:6      | Reached skill level 7 in Fighting
  8940 | D:6      | Learned a level 3 spell: Vampiric Draining
  8997 | D:6      | Found a shattered altar of Ashenzari.
  9307 | D:4      | Killed from afar by an orc wizard

Levels and vault maps discovered:
D:1:      minmay_arrival_three_doors, layout_rooms, minmay_splitting_lines,
          st_stairs_8
D:2:      minmay_general_purpose_star, layout_basic, first_ration,
          minmay_misc_feat_roman, minmay_box_of_dots
D:3:      lemuel_upstairs_altar, layout_rooms, dancing_weapons_uskayaw
D:4:      layout_loops_ring
D:5:      layout_cave_pools, nicolae_overflow_crystal_walls, serial_shops,
          kennysheep_little_box, nicolae_ossuary_entry_monument, fedhas_altar_3
D:6:      layout_loops_ring, lemuel_coloured_pillars_altar, bloody_trog,
          biasface_ghost_orc_armoury, grunt_decor_one_mirror, uniq_edmund

Skill      XL: |  1  2  3  4  5  6  7  8 |
---------------+-------------------------+-----
Short Blades   | 1 2 3 4 5 |  5.9
Fighting       | 2 3 4 5 6 7 |  7.1
Stealth        | 2 3 |  3.3
Spellcasting   | 3 |  3.3
Necromancy     | 2 |  2.6
Dodging        | |  1.5
Evocations     | |  2.4

Action                   |  1- 3 |  4- 6 |  7- 9 || total
-------------------------+-------+-------+-------++-------
Melee: Short sword       |   186 |   210 |    65 ||   461
       Whip              |       |       |   338 ||   338
       Morningstar       |       |       |    46 ||    46
Throw: Dart              |     9 |    25 |   104 ||   138
Evoke: Wand              |    10 |    15 |    20 ||    45
  Use: Scroll            |     7 |     5 |     8 ||    20
 Stab: Paralysed         |       |     6 |       ||     6
       Sleeping          |       |     1 |       ||     1
Armor: Ring mail         |    70 |    24 |       ||    94
       Leather armour    |       |    28 |   110 ||   138
Dodge: Dodged            |   109 |   111 |   228 ||   448
       Deflected         |     1 |     4 |     7 ||    12
Block: Other             |    21 |    21 |    50 ||    92
       Reflection        |       |     1 |       ||     1

Table legend:
 A = Non-vault XP
 B = Vault XP
 C = Vault XP percentage of total XP
 D = Non-vault monster count
 E = Vault monster count
 F = Vault count percentage of total count
                 A         B        C        D         E       F
            +---------+---------+-------+---------+---------+-------
      Total |    2476 |     205 |   7.6 |     140 |      25 |  15.2
            +---------+---------+-------+---------+---------+-------
        D:1 |      47 |       2 |   4.1 |      27 |       1 |   3.6
        D:2 |     107 |      25 |  18.9 |      25 |       8 |  24.2
        D:3 |     323 |       0 |   0.0 |      29 |       0 |   0.0
        D:4 |     955 |       0 |   0.0 |      41 |       0 |   0.0
        D:5 |     171 |       0 |   0.0 |       8 |       0 |   0.0
        D:6 |     873 |       0 |   0.0 |      10 |       0 |   0.0
    Ossuary |       0 |     178 | 100.0 |       0 |      16 | 100.0
            +---------+---------+-------+---------+---------+-------
